 Dungeon Crawl Stone Soup version 0.28-a0-653-g7e9dba17c3 (webtiles) character file.

Game seed: 11966178161062952815

11 runemasterragnar the Ruffian (level 2, -5/25 HPs)
             Began as a Naga Transmuter on Oct 11, 2021.
             Was a Follower of Makhleb.
             Slain by a worm (6 damage)
             ... on level 2 of the Dungeon.
             The game lasted 00:01:27 (1065 turns).

runemasterragnar the Ruffian (Naga Transmuter)      Turns: 1065, Time: 00:01:28

Health: -5/25      AC:  1    Str: 12    XL:     2   Next: 25%
Magic:  4/5        EV: 10    Int: 13    God:    Makhleb [*.....]
Gold:   28         SH:  0    Dex: 11    Spells: 4/5 levels left

rFire   . . .      SeeInvis +     - Unarmed
rCold   . . .      Faith    .   (no shield)
rNeg    . . .      Spirit   .   a - +0 robe
rPois   +          Reflect  .   (helmet currently unavailable)
rElec   .          Harm     .   (no cloak)
rCorr   .          Rampage  .   (no gloves)
Will    .....                   (no barding)
Stlth   +.........              (no amulet)
HPRegen 0.08/turn               d - ring of flight
MPRegen 0.09/turn               (no ring)

@: short of breath, appendages, flying, very slow
A: horns 2, AC +0, large, see invisible, deformed body, poison resistance,
slowness 2, spit poison 1, naga tail 1
a: Spit Poison, End Transformation, Renounce Religion


You were on level 2 of the Dungeon.
You worshipped Makhleb.
Makhleb was aware of your devotion.
You had temporarily grown beastly horns.
You visited 1 branch of the dungeon, and saw 2 of its levels.

You collected 28 gold pieces.

Inventory:

Hand Weapons
 i - a +2 dagger of speed
Missiles
 c - 8 poisoned darts
 f - 4 javelins
Armour
 a - a +0 robe (worn)
Jewellery
 d - a ring of flight (left hand)
Scrolls
 b - a scroll of blinking {unknown}
 g - a scroll of enchant weapon {unknown}
 h - a scroll of teleportation {unknown}
Potions
 e - a potion of brilliance {unknown}


   Skills:
 + Level 1.2 Fighting
 + Level 1.7 Dodging
 + Level 1.1 Stealth
 + Level 3.1 Unarmed Combat
 + Level 2.1 Spellcasting
 + Level 2.1 Transmutations


You had 4 spell levels left.
You knew the following spells:

 Your Spells              Type           Power      Damage    Failure   Level
a - Beastly Appendage     Tmut           12%        N/A       11%         1

Your spell library contained the following spells:

 Spells                   Type           Power      Damage    Failure   Level
 Wereblood                Tmut           6%         N/A       16%         2
 Spider Form              Tmut/Pois      2%         N/A       43%         3
 Ice Form                 Ice/Tmut       4%         N/A       85%         4


Dungeon Overview and Level Annotations

Branches:
Dungeon (2/15)

Altars:
Makhleb


Innate Abilities, Weirdness & Mutations

You have temporarily grown beastly horns.
Your serpentine skin is tough. (AC +0)
You have supernaturally acute eyesight. (SInv)
Armour fits poorly on your strangely shaped body.
Your system is resistant to poisons. (rPois)
You cover ground very slowly.
You can spit poison.
You have a snake-like lower body.


Message History

The bat hits you.
You completely miss the worm. Your headbutt misses the worm.
The worm is lightly wounded.
The bat closely misses you. The worm closely misses you.
The bat hits you but does no damage.
You hit the worm. You headbutt the worm.
The worm is moderately wounded.
The bat barely misses you. The worm barely misses you.
You barely miss the worm. You headbutt the worm.
The worm is heavily wounded.
The bat hits you.
You hit the worm. Your headbutt misses the worm.
The worm is heavily wounded.
The bat hits you. The worm barely misses you.
You hit the worm but do no damage. Your punch misses the worm.
The worm is heavily wounded.
Your horns disappear.
The bat hits you but does no damage.
You hit the worm.
The worm is severely wounded.
The bat barely misses you. The worm bites you!
You hit the worm but do no damage.
The worm is heavily wounded.
Press: ? - help, Shift-Dir - straight line, f - bat
Aim: a bat The splash of poison hits the bat.
The bat is poisoned.
You kill the bat!
Makhleb accepts your kill. The worm bites you.
* * * LOW HITPOINT WARNING * * *
Casting: Beastly Appendage (safe; 11% risk of failure)
Confirm with . or Enter, or press ? or * to list all spells.
You grow a pair of large bovine horns.
The worm bites you.
* * * LOW HITPOINT WARNING * * *
You hit the worm.
The worm is severely wounded.
You completely miss the worm. You headbutt the worm.
The worm is almost dead.
The worm bites you.
You die...

..>......#
#.....#.#
#.#...#<#
###.#.....##
)......#...#
##...#..##
####......#
........###
$......@#
.......w#
........#
........#
........#
........#
###.(...#
#.....#


You could see a worm.

Vanquished Creatures
  A dart slug (D:1)
  An endoplasm (D:1)
  A hobgoblin (D:1)
  2 quokkas (D:1)
  A bat (D:2)
  2 frilled lizards (D:1)
  A kobold (D:1)
9 creatures vanquished.

Notes
Turn   | Place    | Note
-------+----------+-------------------------------------------
     0 | D:1      | runemasterragnar the Naga Transmuter began the quest for
                  | the Orb.
     0 | D:1      | Reached XP level 1. HP: 18/18 MP: 3/3
   689 | D:1      | Found a faded altar of an unknown god.
   694 | D:1      | Prayed at the altar of an unknown god.
   694 | D:1      | Became a worshipper of Makhleb the Destroyer
   694 | D:1      | Reached * piety under Makhleb
   700 | D:1      | Reached XP level 2. HP: 25/25 MP: 3/5
   742 | D:1      | Reached skill level 1 in Stealth
  1063 | D:2      | HP: 1/25 [worm (6)]
  1065 | D:2      | Slain by a worm

Illustrated notes

Levels and vault maps discovered:
D:1:      dpeg_arrival_boxorama, layout_loops_ring, serial_aquarium,
          aquarium_bridge_square [aquarium_subvault_bridge,
          aquarium_subvault_balcony, aquarium_subvault_wall,
          aquarium_subvault_wall], aquarium_bridge_straight
          [aquarium_subvault_bridge, aquarium_subvault_window,
          aquarium_subvault_bridge, aquarium_subvault_balcony],
          aquarium_window_1, aquarium_window_1, aquarium_view_2d,
          aquarium_view_2e, aquarium_balcony_3a,
          hellmonk_ecumenical_altar_arch_garden
D:2:      layout_rooms, uniq_terence

Skill      XL: |  1  2 |
---------------+-------+-----
Stealth        | 1 |  1.1
Fighting       | |  1.2
Dodging        | |  1.7
Unarmed Combat | |  3.1
Spellcasting   | |  2.1
Transmutations | |  2.1

Action                   || total
-------------------------++-------
Melee: Unarmed           ||    30
       Headbutt          ||     3
 Cast: Beastly Appendage ||     7
 Abil: Spit Poison       ||     1
 Stab: Sleeping          ||     2
Armor: Robe              ||     3
Dodge: Dodged            ||    12

Table legend: (Time is in decaauts)
 A = Elapsed time spent in this place.
 B = Non-inter-level travel time spent in this place.
 C = Inter-level travel time spent in this place.
 D = Time resting spent in this place.
 E = Time spent auto-exploring this place.
 F = Levels seen in this place.
 G = Mean time per level.
                   A        B        C        D        E       F      G
               +--------+--------+--------+--------+--------+-----+--------+
         Total |   1393 |   1329 |     64 |      0 |   1166 |   2 |  696.5 |
       Dungeon |   1393 |   1329 |     64 |      0 |   1166 |   2 |  696.5 |
               +--------+--------+--------+--------+--------+-----+--------+

Top non-repeatable levels by time:
     D:1: 1370 daAuts
     D:2: 23 daAuts
